 Dungeon Crawl Stone Soup version 0.31.0-11-ge490571c62 (webtiles) character file.

Game seed: 11904460124939073178

13 RancidPinata the Sneak (level 2, -2/21 HPs)
             Began as an Octopode Delver on Feb 10, 2024.
             Shot with an arrow by a centaur (14 damage)
             ... on level 6 of the Dungeon.
             The game lasted 00:02:31 (614 turns).

RancidPinata the Sneak (Octopode Delver)             Turns: 614, Time: 00:02:32

Health: -2/21      AC:  1    Str: 11    XL:     2   Next: 37%
Magic:  2/2        EV: 13    Int: 12    God:
Gold:   0          SH:  0    Dex: 13    Spells: 1/1 levels left

rFire   . . .        a - +0 short sword
rCold   . . .        (no shield)
rNeg    . . .        (helmet restricted)
rPois   .            (no amulet)
rElec   .            (no ring)
rCorr   .            (no ring)
SInv    .            (no ring)
Will    .....        (no ring)
Stlth   ++++         (no ring)
HPRegen 0.23/turn    (no ring)
MPRegen 0.08/turn    (no ring)
                     (no ring)

%: no passive effects
@: no status effects
A: almost no armour, amphibious, 8 rings, camouflage 1, gelatinous body 1,
(nimble swimmer 1), tentacles
a: no special abilities


You were on level 6 of the Dungeon.
You visited 2 branches of the dungeon, and saw 3 of its levels.

Inventory:

Hand Weapons
 a - a +0 short sword (weapon)
Wands
 f - a wand of digging (3)
Scrolls
 b - a scroll of fog
 c - a scroll of revelation
 d - 2 scrolls of fear
Potions
 e - a potion of haste


   Skills:
 * Level 3.2 Fighting
 + Level 2.1 Short Blades
 * Level 2.3 Dodging
 * Level 6.8 Stealth


You had one spell level left.
You didn't know any spells.
Your spell library was empty.

Dungeon Overview and Level Annotations

Branches:
Dungeon (6/15)             Temple (1/1) D:6

Altars:
Ashenzari
Cheibriados
Elyvilon
Gozag
Hepliaklqana
Kikubaaqudgha
Makhleb
Nemelex Xobeh
Uskayaw

Annotations:
D:6 Maggie


Innate Abilities, Weirdness & Mutations

You cannot wear most types of armour.
You are amphibious.
You can wear up to eight rings at the same time.
Your skin changes colour to match your surroundings (Stealth+).
Your rubbery body absorbs attacks. (AC +1, EV +1)
((You are camouflaged when in or above water. (Stealth+)))
You have tentacles for arms and can constrict up to eight enemies at once.


Message History

There is an open gate here.
You open the large door.
There is a large open door here.
Done exploring.
There is a large open door here.
There is a large open door here.
There is a large open door here.
There is a staircase back to the Dungeon here.
You climb upwards.
Level annotation: Maggie
There is a staircase to the Ecumenical Temple here.
An orc comes into view. It is wielding a +0 dagger.
The orc hits you with a +0 dagger.
You hit the orc. You grab the orc.
The orc is moderately wounded.
You constrict the orc. The orc barely misses you.
You hit the orc. You squeeze the orc.
You kill the orc!
Things that are here:
a +0 dagger; an orc corpse
Things that are here:
a +0 dagger; an orc corpse You start waiting.
Done waiting.
Found a scroll of fear.
Found a scale mail.
d - 2 scrolls of fear (gained 1)
You see here a +0 scale mail.
A howler monkey comes into view.
You see here a +0 scale mail.
An orc wizard comes into view. It is wielding a +0 dagger.
Found a book of Necromancy.
An orc priest, an orc wizard and a centaur come into view.
The centaur wields a +0 orcbow.
The centaur shoots an arrow.
The arrow misses you.
You hear a shout!
The centaur shoots an arrow.
The arrow hits you!
The centaur shoots an arrow.
The arrow hits you!
Ouch! That really hurt!
You die...

#............#
#...........##
#...........# ..
#..........## ...
#..........### #...
#............######....
#...........<...#....#
#.......###.......F.#
#.....@## ####....###
#.....## ##....###.
#....## #.......#
#...## ##.......# #...#
#....#.#.# #......##
##...#.# # ###....
#.....# #..c..
#........ #......
.........


You could see a centaur.

Vanquished Creatures
  An adder (D:5)
  An orc (D:6)
  A quokka (D:5)
3 creatures vanquished.

Notes
Turn   | Place    | Note
-------+----------+-------------------------------------------
     0 | D:5      | RancidPinata the Octopode Delver began the quest for the
                  | Orb.
     0 | D:5      | Reached XP level 1. HP: 16/16 MP: 1/1
     9 | D:6      | Noticed a scorpion
     9 | D:6      | Noticed a bullfrog
    37 | D:5      | Reached XP level 2. HP: 21/21 MP: 2/2
    73 | D:6      | Noticed Maggie
    88 | D:6      | Found a staircase to the Ecumenical Temple.
    97 | Temple   | Entered the Ecumenical Temple
   546 | D:6      | Noticed a howler monkey
   610 | D:6      | Noticed a centaur
   614 | D:6      | Shot with an arrow by a centaur

Illustrated notes

Levels and vault maps discovered:
D:5:      layout_cave_pools, grunt_temple_overflow_order_and_chaos_1
D:6:      layout_layer_cave, mainiacjoe_overflow_six_doors_small,
          fedhas_ov_isle_minmay, nicolae_overflow_hidden_temple,
          minmay_temple_entry_poolview, minivault_26, minmay_misc_feat_plants,
          uniq_maggie
Temple:   grunt_temple_mini_profane

Action                     || total
---------------------------++-------
  Melee: Short sword       ||     4
         Constrict         ||     1
         Tentacles         ||     1
   Stab: Sleeping          ||     2
 Armour: Skin              ||     3
  Dodge: Dodged            ||     2
